cohdb
Replays
Latest Replays
All Replays
Popular Replays
Top Player Replays
Match Explorer
How It Works
Community
CoH3 Stats
Reddit
Sign in to upload your games and track your stats! →
Sign in with Steam
Match 28532710
Unlisted
Match 28532710
Overview
Messages
Build Orders
End
Engineer Squad
Construct Barracks
Selects Airborne Battlegroup
Selects Heavy Machine Gun Paradrop
Riflemen Squad
Heavy Machine Gun Paradrop
Riflemen Squad
Construct Medical Station
Grenade Package
Selects Paratrooper Squad Paradrop
Paratrooper Squad Paradrop
Heavy Machine Gun Paradrop
Selects Anti-tank Gun Team Paradrop
Anti-tank Gun Team Paradrop
M1 Mortar Team
Infantry Support Center
Construct Tank Depot
Selects Smoke Bombing Run
Selects Supply Drop
Selects Carpet Bombing Run
M18 Hellcat Tank Destroyer
AI Takeover
DoubleDare
^3
0
0
Comments
sign in to comment!
No comments posted yet!